 Dungeon Crawl Stone Soup version 0.29.1-12-g30fa7ad0bf (webtiles) character file.

Game seed: 13275721674370523428

91239 KingDelver the Shatterer (level 15, -2/201 HPs)
             Began as a Minotaur Berserker on Dec 18, 2022.
             Was the Champion of Trog.
             Killed from afar by a starcursed mass (4 damage)
             ... with an accursed screaming
             ... on level 2 of the Abyss on Dec 19, 2022.
             The game lasted 06:27:22 (32546 turns).

KingDelver the Shatterer (Minotaur Berserker)      Turns: 32546, Time: 06:27:23

Health: -2/201     AC: 31    Str: 38      XL:     15   Next: 54%
Magic:  3/11       EV:  2    Int:  1 (2)  God:    Trog [******]
Gold:   2003       SH:  4    Dex:  9 (10) Spells: 14/14 levels left

rFire   . . .      SeeInvis .   R - +7 eveningstar of Mourning {vorpal, *Rage Fly Will+ Str+3}
rCold   . . .      Faith    .   D - +0 buckler
rNeg    . . .      Spirit   .   (body armour currently unavailable)
rPois   +          Reflect  .   (helmet currently unavailable)
rElec   .          Harm     .   (cloak currently unavailable)
rCorr   .          Rampage  .   (gloves currently unavailable)
Will    ++++.      Rage     20% (boots currently unavailable)
Stlth   +++....... NoTele   +   o - amulet of regeneration
HPRegen 1.00/turn               B - +4 ring of protection
MPRegen 0.12/turn               C - +6 ring of strength

@: tree-form, strong-willed, on berserk cooldown, sick, regenerating, slowed,
lost intelligence, unable to read, very slow
A: stationary, stasis, torment immunity, boosted hp, (horns 2), (retaliatory
headbutt), (deformed body), frail 1, [deterioration 1], [dopey 1], [low MP 2],
[subdued magic 2], [inability to drink after injury 2], [inability to read after
injury 2]
a: Renounce Religion, Berserk, Trog's Hand, Brothers in Arms


You were on level 2 of the Abyss.
You worshipped Trog.
Trog was exalted by your worship.
You were a tree.
You visited 5 branches of the dungeon, and saw 22 of its levels.
You visited the Abyss 1 time.
You also visited: Sewer, Ossuary, Gauntlet and Ice Cave.

You collected 2405 gold pieces.
You spent 402 gold pieces at shops.

Inventory:

Hand Weapons
 u - a +6 antimagic dire flail
 I - a +2 short sword of venom
 N - a +0 spear of venom
 R - the +7 eveningstar of Mourning (weapon) {vorpal, *Rage Fly Will+ Str+3}
   (You acquired it on level 13 of the Dungeon)

   It inflicts extra damage upon your enemies.
   Str:       It affects your strength (+3).
   Fly:       It grants you flight.
   *Rage:     It berserks you when you make melee attacks (+20% chance).
   Will:      It increases your willpower.
 U - a +2 antimagic morningstar
 W - a +6 antimagic great mace
Missiles
 i - 123 stones (quivered)
Armour
 a - a +2 pair of gloves of infusion
 j - the +2 pair of boots of the Other World (melded) {Rampage rC+ Regen+ Str-2}
   (You found it in a sewer)

   Str:       It affects your strength (-2).
   rC:        It protects you from cold.
   Regen:     It increases your rate of health regeneration.
   Rampage:   It bestows one free step when moving towards enemies.
 D - a +0 buckler (worn)
 F - +0 acid dragon scales
 J - a scarf of harm
 O - the +2 ring mail "Ufuelayrr" (melded) {rCorr Dex+3}
   (You found it on level 1 of the Orcish Mines)

   Dex:       It affects your dexterity (+3).
   rCorr:     It protects you from acid and corrosion.
Jewellery
 m - a ring of poison resistance
 o - an amulet of regeneration (around neck)
 q - a ring of flight
 A - the ring "Wakiedyu" {rPois MP+9 Str+4 Dex+3}
   (You took it off an orc on level 7 of the Dungeon)

   [ring of magical power]

   Str:       It affects your strength (+4).
   Dex:       It affects your dexterity (+3).
   rPois:     It protects you from poison.
   MP:        It affects your magic capacity (+9).
 B - a +4 ring of protection (left branch)
 C - a +6 ring of strength (right branch)
 L - the ring of Noboc {rF+ rN+ Int+3 SInv Stlth+}
   (You found it on level 13 of the Dungeon)

   [ring of protection from fire]

   Int:       It affects your intelligence (+3).
   rF:        It protects you from fire.
   rN:        It protects you from negative energy.
   SInv:      It lets you see invisible.
   Stlth:     It makes you more stealthy.
Wands
 p - a wand of light (9)
 r - a wand of flame (23)
 V - a wand of polymorph (15)
 X - a wand of iceblast (16)
 Z - a wand of charming (3)
Scrolls
 h - 2 scrolls of fog
 k - 3 scrolls of acquirement
 s - a scroll of blinking
 t - 4 scrolls of poison
 x - 6 scrolls of magic mapping
 y - a scroll of brand weapon {unknown}
 z - 2 scrolls of enchant armour
 G - a scroll of silence {unknown}
 K - 2 scrolls of immolation
 M - 10 scrolls of teleportation
 P - 2 scrolls of noise
 Q - 2 scrolls of summoning
 S - 3 scrolls of enchant weapon
Potions
 b - 6 potions of might
 c - 13 potions of curing
 d - 3 potions of haste
 e - 6 potions of attraction
 f - 8 potions of mutation
 g - a potion of lignification
 n - a potion of resistance
 v - a potion of magic {unknown}
 w - 2 potions of heal wounds
 E - 4 potions of invisibility
 H - a potion of ambrosia
 T - 2 potions of berserk rage {unknown}
 Y - 2 potions of flight {unknown}
Miscellaneous
 l - a tin of tremorstones (2/2)


   Skills:
 + Level 17.8 Fighting
 + Level 21.2 Maces & Flails
 + Level 0.2 Throwing
 + Level 13.1 Armour
 + Level 10.3 Dodging
 + Level 6.4 Stealth
 + Level 3.6 Shields


You had 14 spell levels left.
You didn't know any spells.
Your spell library was empty.

Dungeon Overview and Level Annotations

Branches:
Dungeon (15/15)            Temple (1/1) D:4            Lair (3/5) D:8
 Shoals (0/4) Lair:3        Snake (0/4) Lair:3          Orc (2/2) D:11
    Elf (1/3) Orc:2        Vaults (0/5) D:13         Depths (0/4) D:15
  Sewer (visited)         Ossuary (visited)           IceCv (visited)
Gauntlet (visited)

Altars:
Ashenzari
Cheibriados
Dithmenos
Elyvilon
Fedhas
Gozag
Hepliaklqana
Kikubaaqudgha
Makhleb
Nemelex Xobeh
Okawaru
Qazlal
Ru
Sif Muna
Trog
Uskayaw
Vehumet
Wu Jian
Xom
Yredelemnul
Zin
The Shining One

Shops:
D:2 (   D:3 =   D:9 **   Orc:1 =![=[   Orc:2 (:**

Annotations:
D:12 exclusion: orange crystal statue
D:14 Roxanne
Abyss:2 2 transporters


Innate Abilities, Weirdness & Mutations

You are a tree.
Your roots penetrate the ground, keeping you stationary.
You cannot be teleported.
You are immune to unholy pain and torment.
Your maximum health is greatly increased.
Your equipment is partially melded.
((You have a pair of horns on your head.))
((You reflexively headbutt those who attack you in melee.))
((Armour fits poorly on your strangely shaped body.))
You are frail. (-10% HP)
[Your body sometimes deteriorates upon taking damage.]
[You are dopey. (Int -2)]
[Your magical capacity is very low. (-20% MP)]
[Your spells are easier to cast, but less powerful.]
[You sometimes lose the ability to drink potions when taking damage.]
[You sometimes lose the ability to read scrolls when taking damage.]


Message History

* * * LOW HITPOINT WARNING * * *
The starcursed mass touches you but does no damage.
The large abomination hits you but does no damage.
You bludgeon the large abomination!!
You destroy the large abomination!
Trog accepts your kill.
The starcursed mass touches you but does no damage.
You block the starcursed mass's attack.
A wretched star comes into view.
The starcursed mass touches you.
* * * LOW HITPOINT WARNING * * *
The starcursed mass touches you but does no damage. x2
You hit the starcursed mass but do no damage.
The starcursed mass is moderately damaged.
The wretched star pulses with an eldritch light!
You occasionally lose the ability to read scrolls when taking damage.
You lose the ability to read scrolls when taking damage more often.
The starcursed mass touches you but does no damage. x4
You skewer the starcursed mass like a kebab!!!
You destroy the starcursed mass!
Trog accepts your kill. The starcursed mass touches you.
* * * LOW HITPOINT WARNING * * *
The starcursed mass touches you.
* * * LOW HITPOINT WARNING * * *
The wretched star pulses with an eldritch light!
You occasionally lose the ability to drink potions when taking damage.
You lose the ability to drink potions when taking damage more often.
Your skin crawls.
You feel strong-willed.
The starcursed mass touches you but does no damage. x2
The starcursed mass touches you!
* * * LOW HITPOINT WARNING * * *
The starcursed mass touches you but does no damage.
You perforate the starcursed mass like a sieve!!!
You destroy the starcursed mass!
Trog accepts your kill. You block the starcursed mass's attack.
A chorus of shrieks assaults your mind.
You die...

. ... ## #.. .
#### ..##. . .#
#.# ..## #*.
##...#
#.y###.....#
#XX....##
#.♣.....#
#.....#.#..##..
#.......####
#.#...### ..
##.. ###


You could see 2 starcursed masses, a wretched star and a meliai.

Vanquished Creatures
  Jorgrun (Orc:1)
  An orc warlord (Orc:1)
  A deep elf sorcerer (Abyss:2)
  A white draconian (IceCv)
  A minotaur (Gauntlet)
  A lorocyproca (Abyss:2)
  2 ettins
  Josephine (D:14)
  A vault guard (D:13)
  5 boulder beetles
  An ogre mage (D:15)
  The ghost of Bomullae the Thaumaturge, a journeyman GnHW of Sif Muna (Orc:1)
  2 hydras (Lair:3)
  11 two-headed ogres
  3 centaur warriors
  A catoblepas (D:13)
  3 death yaks (Lair:3)
  2 tengu warriors
  2 thrashing horrors (Abyss:2)
  4 orc high priests
  A hell knight (D:15)
  4 skeletal warriors (D:15)
  A wretched star (Abyss:2)
  A fire crab (Gauntlet)
  6 starcursed masses (Abyss:2)
  2 deep trolls (D:15)
  2 deep elf archers (Orc:2)
  2 wizards
  Pikel (D:7)
  7 orc knights
  4 deep elf pyromancers
  6 orc sorcerers
  11 ugly things
  An oklob plant (Lair:1)
  A will-o-the-wisp (Abyss:2)
  A worldbinder (Abyss:2)
  4 cyclopes
  4 manticores
  2 ice statues (IceCv)
  A black mamba (Lair:1)
  A smoke demon (Abyss:2)
  4 molten gargoyles (D:10)
  A guardian serpent (shapeshifter) (Gauntlet)
  8 cane toads
  2 gargoyles
  A komodo dragon (Lair:3)
  4 rime drakes (IceCv)
  5 unseen horror zombies (D:9)
  2 kobold demonologists
  An efreet (D:14)
  3 freezing wraiths
  A tengu conjurer (D:14)
  2 ancient zymes (Abyss:2)
  5 trolls
  A merfolk (Lair:3)
  14 slime creatures
  7 dream sheep (Lair:3)
  11 blink frogs
  A large abomination (Abyss:2)
  A culicivora (shapeshifter) (Gauntlet)
  4 centaur simulacra (Gauntlet)
  2 wyverns
  41 yaks
  A shadow (D:9)
  8 wraiths
  4 basilisks
  4 fire bats (Gauntlet)
  3 wargs (Orc:2)
  3 acid dragons
  A naga (Lair:3)
  6 water moccasins
  3 hell hounds (Gauntlet)
  2 ice beasts
  32 orc warriors
  A black bear (D:7)
  A hornet zombie (D:9)
  The ghost of mortz the Trooper, an amateur HOAK of Lugonu (D:4)
  5 sky beasts
  5 ogres
  6 centaurs
  A lemure (D:7)
  2 small abominations (Abyss:2)
  A kobold brigand (D:8)
  Blork the orc (D:5)
  12 bullfrogs
  An elf zombie (Ossuary)
  A wyvern zombie (D:9)
  4 gnoll sergeants
  6 scorpions
  A hornet simulacrum (Gauntlet)
  8 wights
  9 killer bees
  3 lindwurm simulacra (IceCv)
  2 electric eels
  A howler monkey (D:7)
  A vampire bat (Orc:2)
  A crimson imp (D:10)
  7 jellies
  A lava snake (D:10)
  7 centaur zombies
  9 komodo dragon simulacra (IceCv)
  18 orc priests
  4 hounds
  3 gnoll boudas
  A human zombie (Ossuary)
  Jessica (D:2)
  5 hell rats (Lair:3)
  6 iguanas
  23 orc wizards
  2 hound zombies (Ossuary)
  3 mummies (Ossuary)
  2 howler monkey zombies (D:9)
  2 acid dragon simulacra (IceCv)
  14 adders
  23 gnolls
  3 river rats
  A shadow imp (D:6)
  6 white imps
  4 ufetubi
  7 steam dragon simulacra (IceCv)
  An adder zombie (Ossuary)
  A worm (D:5)
  3 dart slugs
  71 orcs
  10 ball pythons
  19 endoplasms
  9 giant cockroaches
  9 goblins
  8 hobgoblins
  4 jackals (D:4)
  4 quokkas
  10 bats
  8 frilled lizards
  2 gnoll zombies (Ossuary)
  3 goblin zombies (Ossuary)
  2 hobgoblin zombies (Ossuary)
  5 jackal zombies (Ossuary)
  13 kobolds
  3 kobold zombies (Ossuary)
  An orc zombie (Ossuary)
  4 quokka zombies (Ossuary)
  14 rats
  6 rat zombies (Ossuary)
  A butterfly (D:4)
  2 fungi (Lair:2)
735 creatures vanquished.

Vanquished Creatures (others)
  A wizard (D:8)
  An orc wizard (Orc:2)
  17 demonic plants (Gauntlet)
  4 foxfires (Abyss:2)
  22 fungi
  22 plants
  3 withered plants (D:9)
70 creatures vanquished.

Grand Total: 805 creatures vanquished

Notes
Turn   | Place    | Note
-------+----------+-------------------------------------------
     0 | D:1      | KingDelver the Minotaur Berserker began the quest for the
                  | Orb.
     0 | D:1      | Reached XP level 1. HP: 19/19 MP: 0/0
   930 | D:1      | Reached XP level 2. HP: 25/27 MP: 1/1
  1036 | D:1      | Reached ** piety under Trog
  2205 | D:1      | Reached XP level 3. HP: 26/33 MP: 2/2
  2277 | D:2      | Reached skill level 4 in Maces & Flails
  2346 | D:2      | Found Nargh's Weapon Shoppe.
  2382 | D:2      | Found a glowing golden altar of the Shining One.
  2432 | D:2      | Noticed Jessica
  2446 | D:2      | Killed Jessica
  2543 | D:2      | Reached skill level 1 in Stealth
  2543 | D:2      | Reached XP level 4. HP: 41/41 MP: 3/3
  3732 | D:3      | Found a white marble altar of Elyvilon.
  3935 | D:3      | Found Pipot's Jewellery Boutique.
  4150 | D:3      | Reached XP level 5. HP: 37/47 MP: 4/4
  4164 | D:3      | Reached skill level 5 in Maces & Flails
  4213 | D:3      | Reached *** piety under Trog
  5050 | D:4      | Reached XP level 6. HP: 55/55 MP: 5/5
  5279 | D:4      | Reached skill level 5 in Fighting
  5561 | D:4      | Reached skill level 6 in Maces & Flails
  6428 | D:4      | Found a large runed translucent door.
  6428 | D:4      | Found a large runed translucent door.
  6430 | D:4      | Noticed mortz's ghost (amateur HOAK)
  6453 | D:4      | Found a staircase to the Ecumenical Temple.
  6480 | Temple   | Entered the Ecumenical Temple
  6896 | D:4      | Reached skill level 1 in Shields
  6896 | D:4      | Reached XP level 7. HP: 61/61 MP: 6/6
  6965 | D:4      | Found a blossoming altar of Fedhas.
  7279 | D:4      | Reached skill level 5 in Armour
  7373 | D:4      | Found a sparkling altar of Nemelex Xobeh.
  7927 | D:4      | Killed mortz's ghost
  7928 | D:4      | Reached skill level 7 in Maces & Flails
  8053 | D:5      | Entered Level 5 of the Dungeon
  8057 | D:5      | Found a sand-covered staircase.
  8092 | Ossuary  | Entered an ossuary
  8201 | Ossuary  | Reached **** piety under Trog
  8286 | Ossuary  | Reached XP level 8. HP: 69/69 MP: 7/7
  8477 | Ossuary  | Reached skill level 8 in Maces & Flails
  8826 | D:5      | Noticed Blork the orc
  8836 | D:5      | Killed Blork the orc
  9527 | D:5      | Reached skill level 9 in Maces & Flails
  9907 | D:6      | Reached XP level 9. HP: 62/78 MP: 8/8
 10047 | D:6      | Found a glowing drain.
 10051 | Sewer    | Entered a sewer
 10084 | Sewer    | Reached ***** piety under Trog
 10217 | Sewer    | Found a viscous altar of Jiyva.
 10227 | Sewer    | Identified the +2 pair of boots of the Other World {Rampage
                  | rC+ Regen+ Str-2}
 11145 | D:6      | Reached skill level 10 in Maces & Flails
 11158 | D:6      | Received a gift from Trog
 11883 | D:7      | Noticed Pikel
 11893 | D:7      | Killed Pikel
 11894 | D:7      | Reached skill level 11 in Maces & Flails
 11894 | D:7      | Reached skill level 5 in Dodging
 12292 | D:7      | Identified the ring "Wakiedyu" {rPois MP+9 Str+4 Dex+3}
 12315 | D:7      | Reached XP level 10. HP: 88/88 MP: 3/9
 12732 | D:3      | Bought a +4 ring of protection for 360 gold pieces
 13292 | D:8      | Found a staircase to the Lair.
 13488 | D:8      | Reached skill level 12 in Maces & Flails
 13532 | D:8      | Noticed a two-headed ogre
 13551 | D:8      | Killed a two-headed ogre
 13920 | D:8      | Found a bloodstained altar of Trog.
 13923 | D:8      | Noticed a wizard
 13929 | D:8      | Killed a wizard
 14032 | Lair:1   | Entered Level 1 of the Lair of Beasts
 14064 | Lair:1   | Identified 3 scrolls of acquirement
 14139 | Lair:1   | Reached skill level 13 in Maces & Flails
 14158 | Lair:1   | Noticed a cane toad
 14171 | Lair:1   | Killed a cane toad
 14175 | Lair:1   | Noticed a cane toad
 14185 | Lair:1   | Killed a cane toad
 14199 | Lair:1   | Reached XP level 11. HP: 93/97 MP: 3/10
 14209 | Lair:1   | Reached skill level 14 in Maces & Flails
 14590 | Lair:1   | Reached skill level 10 in Fighting
 14623 | Lair:1   | Noticed an oklob plant
 14687 | Lair:1   | Reached skill level 10 in Armour
 15402 | D:9      | Found Tyschull's General Store.
 15408 | D:9      | Found Vofea's Specific Store.
 15552 | D:9      | Received a gift from Trog
 15568 | D:9      | Reached skill level 15 in Maces & Flails
 15728 | D:9      | Noticed a two-headed ogre
 15743 | D:9      | Killed a two-headed ogre
 15935 | D:9      | Found a hide-covered altar of Uskayaw.
 16067 | D:9      | Found a basalt altar of Yredelemnul.
 16067 | D:9      | Found a snail-covered altar of Cheibriados.
 16797 | Lair:1   | Killed an oklob plant
 17472 | Lair:2   | Noticed a boulder beetle
 17473 | Lair:2   | Found a hide-covered altar of Uskayaw.
 17473 | Lair:2   | Found an ornate altar of the Wu Jian Council.
 17501 | Lair:2   | Killed a boulder beetle
 17502 | Lair:2   | Reached XP level 12. HP: 91/110 MP: 6/11
 17578 | Lair:2   | Noticed a boulder beetle
 17613 | Lair:2   | Killed a boulder beetle
 17614 | Lair:2   | Reached skill level 16 in Maces & Flails
 18402 | D:10     | Entered Level 10 of the Dungeon
 19115 | D:10     | Noticed a two-headed ogre
 19121 | D:10     | Killed a two-headed ogre
 19663 | D:10     | Found a burning altar of Makhleb.
 19663 | D:10     | Found a shimmering altar of Xom.
 19846 | D:11     | Noticed a boulder beetle
 19862 | D:11     | Killed a boulder beetle
 20188 | D:11     | Found a staircase to the Orcish Mines.
 20892 | Orc:1    | Entered Level 1 of the Orcish Mines
 20909 | D:11     | Received a gift from Trog
 20971 | Orc:1    | Found Xuasmiec's Armour Shop.
 21164 | Orc:1    | Found Koschusk's Distillery.
 21179 | Orc:1    | Bought a potion of lignification for 42 gold pieces
 21244 | Orc:1    | Found Sisoagg's Antique Armour Shoppe.
 21297 | Orc:1    | Found Vinneodgh's Jewellery Boutique.
 21715 | Lair:3   | Found a staircase to the Snake Pit.
 21823 | Lair:3   | Noticed a death yak
 21823 | Lair:3   | Noticed a death yak
 21826 | Lair:3   | Noticed a death yak
 21840 | Lair:3   | Killed a death yak
 21844 | Lair:3   | Killed a death yak
 21851 | Lair:3   | Killed a death yak
 21852 | Lair:3   | Reached skill level 17 in Maces & Flails
 21889 | Lair:3   | Noticed a four-headed hydra
 21920 | Lair:3   | Killed a four-headed hydra
 21921 | Lair:3   | Reached XP level 13. HP: 122/122 MP: 7/12
 22582 | Lair:3   | Found a staircase to the Shoals.
 23828 | D:12     | Reached skill level 18 in Maces & Flails
 24095 | Orc:2    | Entered Level 2 of the Orcish Mines
 24282 | Orc:2    | Noticed an orc warlord
 24867 | D:13     | Found a frozen archway.
 24906 | IceCv    | Entered an ice cave
 24911 | IceCv    | Reached ****** piety under Trog
 24953 | IceCv    | Received a gift from Trog
 25136 | IceCv    | Reached skill level 5 in Stealth
 25298 | IceCv    | Noticed a white draconian
 25309 | IceCv    | Killed a white draconian
 25431 | IceCv    | Identified the ring of Joomnuen {rN+ Will+ EV+4 Str-2}
 25620 | D:13     | Identified the ring of Noboc {rF+ rN+ Int+3 SInv Stlth+}
 25856 | D:13     | Found a gate to the Vaults.
 25865 | D:13     | Reached skill level 19 in Maces & Flails
 26318 | D:13     | Reached XP level 14. HP: 133/133 MP: 4/13
 26342 | D:13     | Acquired the +7 eveningstar of Mourning {vorpal, *Rage Fly
                  | Will+ Str+3}
 26852 | Orc:2    | Noticed Jorgrun
 26862 | Orc:1    | Killed Jorgrun
 26863 | Orc:1    | Reached skill level 15 in Fighting
 26912 | Orc:1    | Received a gift from Trog
 26934 | Orc:1    | Killed an orc warlord
 27356 | Orc:2    | Found a staircase to the Elven Halls.
 27886 | Orc:2    | Gained mutation: You are frail. (-10% HP) [a neqoxec]
 27888 | Orc:2    | Gained mutation: Armour fits poorly on your strangely
                  | shaped body. [a neqoxec]
 28190 | Orc:2    | Reached skill level 20 in Maces & Flails
 28278 | Orc:2    | Found Jovimn's Book Boutique.
 28306 | Orc:2    | Found Socu's Assorted Antiques.
 28316 | Orc:2    | Found Lyatyex's Assorted Antiques.
 28318 | Orc:2    | Found Zumioh's Antique Weapon Boutique.
 28767 | Elf:1    | Entered Level 1 of the Elven Halls
 28767 | Elf:1    | Noticed a deep elf sorcerer
 28785 | Orc:2    | Received a gift from Trog
 28858 | Orc:1    | Found a runed translucent gate.
 28888 | Orc:1    | Found a runed translucent gate.
 28889 | Orc:1    | Found a runed translucent gate.
 28891 | Orc:1    | Noticed Bomullae's ghost (journeyman GnHW)
 28925 | Orc:1    | Killed Bomullae's ghost
 28955 | Orc:1    | Identified the +2 ring mail "Ufuelayrr" {rCorr Dex+3}
 29048 | Orc:1    | Found Belunn's Jewellery Boutique.
 29541 | D:14     | Found a gate leading to a gauntlet.
 29545 | Gauntlet | Entered a Gauntlet
 29545 | Gauntlet | Found a transporter.
 29561 | Gauntlet | Found a transporter.
 29575 | Gauntlet | Found a transporter.
 29582 | Gauntlet | Found a transporter.
 29600 | Gauntlet | Found a transporter.
 29620 | Gauntlet | Found a transporter.
 29632 | Gauntlet | Found a transporter.
 29638 | Gauntlet | Found a transporter.
 29640 | Gauntlet | Found a transporter.
 29665 | Gauntlet | Found a transporter.
 29676 | Gauntlet | Found a transporter.
 29676 | Gauntlet | Found a transporter.
 29676 | Gauntlet | Found the +9 heavy crossbow "Sniper" {vorpal, Acc+∞ SInv}
 29719 | Gauntlet | Found a transporter.
 29734 | Gauntlet | Found a transporter.
 29736 | Gauntlet | Found a transporter.
 29739 | Gauntlet | Found a transporter.
 29761 | Gauntlet | Found a transporter.
 29780 | Gauntlet | Found a transporter.
 30209 | Gauntlet | Identified the +2 robe "Seumar Catau" {Will+ Str+2 SInv}
 30539 | D:14     | Noticed Josephine
 30549 | D:14     | Killed Josephine
 31004 | D:14     | Noticed Roxanne
 31209 | D:15     | Entered Level 15 of the Dungeon
 31281 | D:15     | Reached XP level 15. HP: 130/130 MP: 14/14
 31775 | D:15     | Received a gift from Trog
 31813 | D:15     | Reached skill level 21 in Maces & Flails
 32250 | D:15     | Found a staircase to the Depths.
 32276 | D:15     | Reached skill level 10 in Dodging
 32278 | Abyss:2  | Noticed a tentacled monstrosity
 32278 | Abyss:2  | Found a transporter.
 32278 | Abyss:2  | Found a transporter.
 32278 | Abyss:2  | Found a corrupted altar of Lugonu.
 32278 | Abyss:2  | Cast into level 2 of the Abyss (a wizard)
 32289 | Abyss:2  | Noticed a tentacled starspawn
 32293 | Abyss:2  | Noticed a tentacled starspawn
 32332 | Abyss:2  | Noticed a deep elf sorcerer
 32338 | Abyss:2  | Killed a deep elf sorcerer
 32463 | Abyss:2  | Lost intelligence.
 32544 | Abyss:2  | HP: 10/201 [starcursed mass (5)]
 32545 | Abyss:2  | HP: 1/201 [starcursed mass (11)]
 32546 | Abyss:2  | Killed from afar by a starcursed mass

Illustrated notes

Levels and vault maps discovered:
D:1:      dpeg_arrival_round_c, layout_basic, minmay_box_of_dots
D:2:      layout_loops_ring, basic_altar, serial_shops, shop_statue,
          uniq_jessica
D:3:      layout_loops_ring, mainiacjoe_overflow_chevrons, serial_shops, shop
D:4:      minmay_inner_zag, layout_cave_pools, fedhas_altar_fruit_tree,
          nemelex_dance_club_becter, minmay_temple_entry_butterflies,
          ebering_ghost_disaster_area, roderic_nine_men_s_morris,
          chequers_serial_rivers_micro_d
D:5:      layout_gridville, lightli_ossuary_entry_decrepit_ruins,
          uniq_blork_the_orc
D:6:      layout_basic, gup_sewer_entry_spiral, water_maze_lemuel
D:7:      minmay_octagon_keep, layout_loops_cross, uniq_pikel
D:8:      layout_basic, trog_wizard, dpeg_oklobed_lair, item_on_display_a
D:9:      layout_roguey, nicolae_overflow_hidden_temple, serial_undead,
          serial_undead_a, serial_undead_f, serial_undead_e, serial_undead_f,
          serial_undead_d, serial_undead_a, serial_undead_d,
          nicolae_specific_store
D:10:     layout_loops_corners, grunt_temple_overflow_champion_of_chaos,
          minivault_8
D:11:     layout_irregular_city, orc_0_dummy
D:12:     layout_irregular_city, minmay_protected_statue
D:13:     layout_basic, david_vaults_5, portal_ice_cave_entry_pillars_2
D:14:     layout_roguey, gauntlet_entry_generic, uniq_josephine, uniq_roxanne
D:15:     hangedman_depths_entry_civil_slaughter, layout_stronghold
Temple:   nicolae_temple_ecumenical_triangle
Lair:1:   layout_long_grid, serial_bayou_shore_b, infiniplex_staircase_pool_2,
          grunt_megastairs_3
Lair:2:   layout_regular_city, nzn_masters_of_martial_movement
Lair:3:   layout_regular_city, elwin_shoals_entry_rooms,
          guppyfry_snake_entry_island
Orc:1:    layout_caves, basic_altar, serial_shops, shop, shop, shop,
          nicolae_shop_hallway_stairs, nicolae_shop_trees,
          ebering_ghost_rock_garden
Orc:2:    st_orc_elflike, layout_diamond_mine, roderic_batcave, uniq_jorgrun
Elf:1:    minmay_elf_arrival_summoners, layout_geoelf_grid, evilmike_minifort
Abyss:2:  base: D:15, gammafunk_corrupted_shrine, bh_abyss_exit_spiral,
          minivault_25_ag, minivault_25_ag

Skill      XL: |  1  2  3  4  5  6  7  8  9 10 11 12 13 14 15 |
---------------+----------------------------------------------+-----
Fighting       | 4 5 6 7 9 11 13 14 16 17 | 17.8
Maces & Flails | 4 5 6 7 9 11 13 15 17 19 20 21 | 21.2
Stealth        | 1 2 3 4 5 6 |  6.4
Dodging        | 3 4 5 6 7 8 9 10 | 10.3
Armour         | 3 4 6 7 9 10 11 12 13 | 13.1
Shields        | 1 2 3 |  3.6
Throwing       | |  0.2

Action                   |  1- 3 |  4- 6 |  7- 9 | 10-12 | 13-15 || total
-------------------------+-------+-------+-------+-------+-------++-------
Melee: Mace              |    58 |   168 |   315 |       |       ||   541
       Headbutt          |     7 |    21 |    59 |   173 |   161 ||   421
       Dire flail        |       |       |    91 |   633 |       ||   724
       Great mace        |       |       |       |    39 |   282 ||   321
       Eveningstar       |       |       |       |       |   444 ||   444
       Punch             |       |       |       |       |     5 ||     5
Throw: Stone             |     3 |       |       |       |     3 ||     6
Invok: Berserk           |     2 |     1 |     3 |     2 |     4 ||    12
       Trog's Hand       |     1 |       |       |       |     2 ||     3
Evoke: Tin of tremorston |       |       |       |     1 |     1 ||     2
       Wand              |       |       |       |       |     1 ||     1
  Use: Potion            |     1 |       |       |     6 |     5 ||    12
       Scroll            |       |     2 |     4 |    10 |    14 ||    30
 Stab: Sleeping          |       |       |       |     2 |     7 ||     9
       Distracted        |       |       |       |       |     3 ||     3
Armor: Animal skin       |     8 |       |       |       |       ||     8
       Scale mail        |       |    64 |   152 |   125 |       ||   341
       Robe              |       |     4 |       |       |       ||     4
       Acid dragon scale |       |       |       |    38 |   149 ||   187
       Skin              |       |       |       |    20 |    18 ||    38
       Ring mail         |       |       |       |       |    63 ||    63
Dodge: Dodged            |    48 |    79 |   161 |   238 |   408 ||   934
Block: Buckler           |       |    20 |    35 |       |    29 ||    84
